 Dungeon Crawl Stone Soup version 0.30.0 (webtiles) character file.

Game seed: 11671884777929235194

101 jimonade the Trooper (level 4, -1/35 HPs)
             Began as a Mummy Monk on May 6, 2023.
             Slain by a river rat (6 damage)
             ... in a sewer.
             The game lasted 00:03:25 (1517 turns).

jimonade the Trooper (Mummy Monk)                   Turns: 1517, Time: 00:03:25

Health: -1/35      AC:  6    Str: 14    XL:     4   Next: 48%
Magic:  4/4        EV: 11    Int: 11    God:
Gold:   121        SH:  0    Dex: 14    Spells: 3/3 levels left

rFire   x . .        a - +1 mace
rCold   + + .        c - orb {light}
rNeg    + + +        g - +0 ring mail
rPois   ∞            d - +0 helmet
rElec   .            (no cloak)
rCorr   .            (no gloves)
SInv    .            (no boots)
Will    .....        (no amulet)
Stlth   +            h - ring of protection from cold
HPRegen 0.25/turn    (no ring)
MPRegen 0.09/turn

%: faith
@: glowing
A: cold resistance 1, negative energy resistance 3, torment resistance 2, heat
vulnerability 1, in touch with death 1, no potions, faith
a: no special abilities


You were in a sewer.
You visited 1 branch of the dungeon, and saw 3 of its levels.
You also visited: Sewer.

You collected 121 gold pieces.

Inventory:

Hand Weapons
 a - a +1 mace (weapon)
Missiles
 k - 12 stones (quivered)
 m - 4 datura-tipped darts
Armour
 b - a +0 robe
 c - an orb of light (worn)
 d - a +0 helmet (worn)
 e - a +0 leather armour
 g - a +0 ring mail (worn)
Jewellery
 h - a ring of protection from cold (left hand)
Scrolls
 f - 2 scrolls of fog
 i - 2 scrolls of immolation


   Skills:
 + Level 3.5 Fighting
 + Level 3.3 Maces & Flails
 + Level 1.1 Armour
 + Level 2.9 Dodging


You had 3 spell levels left.
You didn't know any spells.
Your spell library was empty.

Dungeon Overview and Level Annotations

Branches:
Dungeon (3/15)              Sewer (1/1)

Altars:

Annotations:
D:2 Terence


Innate Abilities, Weirdness & Mutations

You are immune to poison.
Your flesh is cold resistant. (rC+)
You are immune to negative energy. (rN+++)
You are immune to unholy pain and torment.
You are vulnerable to heat. (rF-)
You are in touch with the powers of death.
You do not drink.
You have a special connection with the divine. (Faith)


Message History

The river rat is heavily wounded.
The river rat bites you.
You hit the river rat but do no damage.
The river rat is moderately wounded.
The river rat bites you.
You barely miss the river rat.
The river rat is moderately wounded.
The river rat bites you. The river rat bites you!
You are too injured to fight recklessly!
You are too injured to fight recklessly!
You are too injured to fight recklessly!
You are too injured to fight recklessly!
You are too injured to fight recklessly!
You hit the river rat but do no damage.
The river rat is moderately wounded.
The river rat barely misses you.
You closely miss the river rat.
The river rat is moderately wounded.
The river rat barely misses you.
The rat twitches its whiskers.
You hit the river rat but do no damage.
The river rat is moderately wounded.
The river rat bites you!
* * * LOW HITPOINT WARNING * * *
You sock the river rat!
You kill the river rat!
You hit the river rat.
The river rat is moderately wounded.
The river rat bites you!
* * * LOW HITPOINT WARNING * * *
You hit the river rat but do no damage.
The river rat is moderately wounded.
The river rat barely misses you.
You hit the river rat.
The river rat is moderately wounded.
The river rat bites you but does no damage.
You hit the river rat but do no damage.
The river rat is moderately wounded.
The river rat bites you.
You die...

~~~.~~~.....~.~~~~~
.~..~........~.~~~~
~..................
...................
....rr...........#
.......##.r.....#
...rr## ##..##...#
...# ###r.## . ##
#@rr## #####


You could see a river rat and 2 rats.

Vanquished Creatures
  2 adders
  2 river rats
  4 dart slugs
  An orc (D:3)
  6 ball pythons
  7 bats
  5 endoplasms
  7 giant cockroaches
  2 goblins (D:1)
  6 hobgoblins
  2 kobolds (D:3)
  3 quokkas
  A frilled lizard (D:2)
  5 rats
53 creatures vanquished.

Notes
Turn   | Place    | Note
-------+----------+-------------------------------------------
     0 | D:1      | jimonade the Mummy Monk began the quest for the Orb.
     0 | D:1      | Reached XP level 1. HP: 18/18 MP: 1/1
   134 | D:1      | Reached XP level 2. HP: 22/24 MP: 2/2
   384 | D:1      | Found a faded altar of an unknown god.
   617 | D:2      | Gained mutation: You are in touch with the powers of death.
                  | [Mummy growth]
   617 | D:2      | Reached XP level 3. HP: 23/29 MP: 3/3
   918 | D:2      | Noticed Terence
  1305 | D:3      | Reached skill level 1 in Armour
  1305 | D:3      | Reached XP level 4. HP: 35/35 MP: 4/4
  1411 | D:3      | Found a glowing drain.
  1439 | Sewer    | Entered a sewer
  1517 | Sewer    | Slain by a river rat

Illustrated notes

Levels and vault maps discovered:
D:1:      onia_arrival_pyramid, layout_rooms,
          dreamdust_ecumenical_altar_hidden_monk_grotto
D:2:      layout_basic, serial_shops, shop, small_statue_intersection,
          uniq_terence
D:3:      layout_basic, portal_sewer_entry_b, nicolae_eternal_life
Sewer:    sewer_minmay_treatment

Skill      XL: |  1  2  3 |
---------------+----------+-----
Maces & Flails | 3 |  3.3
Armour         | 1 |  1.1
Fighting       | |  3.5
Dodging        | |  2.9

Action                     |  1- 3 |  4- 6 || total
---------------------------+-------+-------++-------
  Melee: Mace              |   130 |    42 ||   172
    Use: Scroll            |     5 |       ||     5
 Armour: Leather armour    |    11 |       ||    11
         Ring mail         |    54 |     8 ||    62
  Dodge: Dodged            |   118 |    23 ||   141
